 Dungeon Crawl Stone Soup version 0.30.0-29-ga12c61a403 (webtiles) character file.

Game seed: 8454845077202942583

64 ChadusMaximus the Caller (level 4, 0/30 HPs)
             Began as a Human Summoner on June 9, 2023.
             Slain by a cerulean imp
             ... wielding a +1 spear
             ... summoned by Natasha
              (3 damage)
             ... on level 2 of the Dungeon.
             The game lasted 00:01:36 (1267 turns).

ChadusMaximus the Caller (Human Summoner)           Turns: 1267, Time: 00:01:36

Health: 0/30       AC:  3    Str:  9    XL:     4   Next: 32%
Magic:  7/8        EV: 12    Int: 17    God:
Gold:   75         SH:  0    Dex: 13    Spells: 7/8 levels left

rFire   . . .        f - +0 dagger (flame)
rCold   . . .        (no shield)
rNeg    . . .        a - +0 robe
rPois   .            (no helmet)
rElec   .            (no cloak)
rCorr   .            g - +0 pair of gloves
SInv    .            (no boots)
Will    .....        (no amulet)
Stlth   ++           (no ring)
HPRegen 0.25/turn    (no ring)
MPRegen 0.11/turn

%: no passive effects
@: slowed, very slow
A: no striking features
a: no special abilities


You were on level 2 of the Dungeon.
You visited 1 branch of the dungeon, and saw 2 of its levels.

You collected 75 gold pieces.

Inventory:

Hand Weapons
 c - a +0 club
 f - a +0 dagger of flaming (weapon)
Armour
 a - a +0 robe (worn)
 g - a +0 pair of gloves (worn)
Scrolls
 d - a scroll of identify
 e - a scroll of fog
Potions
 b - a potion of magic


   Skills:
 - Level 2.1 Dodging
 - Level 2.1 Stealth
 + Level 2.7 Spellcasting
 * Level 4.9 Summonings


You had 7 spell levels left.
You knew the following spells:

 Your Spells              Type           Power      Damage    Failure   Level
a - Summon Small Mammal   Summ           76%        N/A       2%          1

Your spell library contained the following spells:

 Spells                   Type           Power      Damage    Failure   Level
 Call Imp                 Summ           38%        N/A       3%          2
 Call Canine Familiar     Summ           19%        N/A       7%          3
 Summon Guardian Golem    Hex/Summ       10%        N/A       19%         3
 Portal Projectile        Hex/Tloc       4%         N/A       47%         3
 Tukima's Dance           Hex            2%         N/A       47%         3
 Summon Lightning Spire   Summ/Air       10%        N/A       54%         4
 Blade Hands              Tmut           1%         N/A       99%         5


Dungeon Overview and Level Annotations

Branches:
Dungeon (2/15)

Altars:

Annotations:
D:2 Natasha


Message History

There are monsters nearby!
You hit Natasha. You burn Natasha.
Natasha is moderately wounded.
Natasha mumbles some strange words.
The cerulean imp hits you but does no damage.
There are monsters nearby!
You miss Natasha.
Natasha is moderately wounded.
Natasha mumbles some strange words.
The cerulean imp hits you from afar with a +1 spear.
The cerulean imp hits you but does no damage.
You closely miss Natasha.
Natasha is moderately wounded.
Natasha claws you. The cerulean imp misses you.
The cerulean imp barely misses you.
Unknown command.
You barely miss Natasha.
Natasha is moderately wounded.
Natasha casts a spell at you.
You feel yourself slow down. The cerulean imp closely misses you.
The cerulean imp barely misses you. x2
Casting: Summon Small Mammal (safe; 2% risk of failure)
Confirm with . or Enter, or press ? or * to list all spells.
Natasha claws you but does no damage.
The cerulean imp hits you but does no damage.
The cerulean imp hits you from afar with a +1 spear.
The cerulean imp hits you from afar with a +2 spear.
Natasha claws you!
* * * LOW HITPOINT WARNING * * *
The cerulean imp hits you from afar with a +2 spear.
* * * LOW HITPOINT WARNING * * *
The cerulean imp barely misses you.
Okay, then.
Okay, then.
As you read the scroll labelled FAZXOA AZOPLE, it crumbles to dust.
It is a scroll of identify.
e - a scroll of fog Natasha barely misses you.
The cerulean imp hits you from afar with a +1 spear.
You die...

.#
#.........##.############
.# #..........#.# .#
#..........#.# ##
#..........#.# .##
#####.... #.#
..####......... #.#
............... #.#
.......(......5####.#
.....[........5h@...#
..###.........5######
...##.........r
....#..........
..#............
..##.>...##....
#####.##.##....
#....##.... ######


You could see Natasha and 3 cerulean imps.

Vanquished Creatures
  Natasha (D:2)
  An adder (D:2)
  A dart slug (D:2)
  3 ball pythons
  2 endoplasms
  A goblin (D:1)
  5 hobgoblins
  2 jackals (D:1)
  2 kobolds (D:2)
  A quokka (D:1)
  A bat (D:2)
  A frilled lizard (D:2)
  A rat (D:1)
22 creatures vanquished.

Vanquished Creatures (collateral kills)
  A dart slug (D:2)
  A jackal (D:1)
  A frilled lizard (D:1)
  2 rats
5 creatures vanquished.

Grand Total: 27 creatures vanquished

Notes
Turn   | Place    | Note
-------+----------+-------------------------------------------
     0 | D:1      | ChadusMaximus the Human Summoner began the quest for the
                  | Orb.
     0 | D:1      | Reached XP level 1. HP: 13/13 MP: 3/3
   255 | D:1      | Reached XP level 2. HP: 9/19 MP: 3/5
   450 | D:1      | Found a faded altar of an unknown god.
   762 | D:2      | Reached XP level 3. HP: 24/24 MP: 3/6
   924 | D:2      | Noticed Natasha
   936 | D:2      | Killed Natasha
   937 | D:2      | Reached XP level 4. HP: 29/30 MP: 4/7
  1252 | D:2      | Noticed Natasha
  1267 | D:2      | Slain by a cerulean imp

Illustrated notes

Levels and vault maps discovered:
D:1:      minmay_arrival_glassed_features, layout_basic,
          ebering_ecumenical_altar_sacrificial
D:2:      layout_basic, wad_floor_pattern_2, uniq_natasha

Action                     |  1- 3 |  4- 6 || total
---------------------------+-------+-------++-------
  Melee: Club              |    31 |       ||    31
         Dagger            |    29 |    33 ||    62
         Punch             |       |     1 ||     1
   Cast: Summon Small Mamm |    15 |     1 ||    16
    Use: Scroll            |       |     1 ||     1
   Stab: Sleeping          |     3 |       ||     3
 Armour: Robe              |    10 |     8 ||    18
  Dodge: Dodged            |    45 |    23 ||    68
